Map: Ulrena

Players

Mephistos

  • Race: Terran Terran
  • League: Gold

WildCatBrown - Winner!

  • Race: Protoss Protoss
  • League: Silver

VOD

Have the link to the VOD?

Description

Time

  • Played on: Jan. 13, 2016, 6:13 p.m.
  • Length: 17:19
Show
View Real Time Build Order
Export as new Build Order

Mephistos Terran 

Build Orders: MMM Bio 

Get SALT Encoding   

  12  0:01  SCV  
  13  0:13  SCV  
  14  0:24  Supply Depot  
  14  0:25  SCV  
  15  0:46  SCV  
  16  0:50  Barracks  
  16  0:56  Barracks  
  16  0:58  SCV  
  17  1:16  SCV  
  18  1:31  Command Center  
  18  1:40  Orbital Command  
  18  1:48  Marine  
  18  1:49  Marine  
  20  1:55  Supply Depot  
  20  2:06  Marine  
  20  2:08  SCV  
  22  2:14  Marine  
  23  2:20  SCV  
  24  2:25  Refinery, Marine  
  24  2:26  Refinery  
  25  2:32  SCV  
  25  2:34  Marine  
  27  2:41  Engineering Bay  
  27  2:48  Orbital Command  
  27  2:57  SCV  
  28  3:03  Marine  
  28  3:04  Marine  
  30  3:14  SCV x2  
  32  3:20  Missile Turret x2  
  32  3:37  Barracks Tech Lab x2  
  32  3:42  Factory  
  32  3:46  Terran Infantry Weapons Level 1  
  32  3:49  Barracks  
  32  3:51  SCV  
  32  3:53  Barracks  
  33  3:57  SCV  
  34  4:02  Stimpack  
  34  4:03  SCV  
  34  4:04  Marine x2  
  37  4:22  Marine x2  
  37  4:23  SCV x2  
  41  4:30  Factory Tech Lab  
  41  4:34  Starport  
  41  4:35  SCV x2, Refinery  
  42  4:39  Barracks Tech Lab  
  42  4:43  Marauder  
  42  4:45  Marauder  
  46  4:49  Supply Depot  
  46  4:51  Barracks Tech Lab  
  46  5:06  Supply Depot  
  46  5:07  Concussive Shells  
  46  5:10  Combat Shields  
  46  5:11  Marauder  
  48  5:29  Refinery  
  48  5:31  Marauder x3  
  48  5:32  SCV x2, Starport Reactor  
  56  5:41  Marauder  
  58  5:44  SCV x2  
  58  5:45  Terran Infantry Armor Level 1  
  60  5:50  Supply Depot  
  60  5:55  Supply Depot  
  60  6:02  Armory  
  62  6:11  Marauder  
  62  6:14  Engineering Bay  
  62  6:15  Marauder  
  64  6:25  Supply Depot  
  54  6:48  Marauder  
  54  6:49  Marauder x2  
  60  6:54  Medivac x2  
  60  6:56  Marauder  
  66  7:06  SCV x2  
  68  7:14  Marauder  
  70  7:18  SCV x2  
  72  7:24  Medivac  
  72  7:25  Medivac  
  76  7:33  Marine x3  
  79  7:42  Marine  
  80  7:47  Supply Depot  
  80  7:51  Marine  
  81  7:52  Missile Turret  
  81  7:53  SCV  
  81  7:54  Medivac  
  84  8:12  Medivac  
  84  8:14  Marauder x4  
  94  8:23  Terran Infantry Weapons Level 2  
  94  8:31  Supply Depot  
  94  8:47  Supply Depot  
  94  8:53  Marauder x4  
  96  9:08  Liberator x2  
  92  9:14  Marine x3  
  92  9:15  Marauder  
  103  9:31  Terran Infantry Armor Level 2  
  103  9:32  Marine x2  
  103  9:33  SCV, Marauder  
  103  9:36  Marine  
  108  9:45  Supply Depot  
  103  10:01  Marine  
  69  10:15  Marauder x3  
  69  10:19  Marauder  
  61  10:22  Liberator  
  61  10:23  Liberator  
  56  10:36  Marauder x3  
  56  10:41  Marauder  
  70  11:03  Command Center  
  64  11:33  Marauder x2  
  64  11:34  Marauder x2  
  64  11:35  Liberator x2  
  74  11:55  Marauder  
  73  12:18  Liberator x2  
  76  12:51  Marauder x3  
  76  12:52  Marauder  
  78  13:01  SCV x2  
  80  13:22  Marauder x2  
  80  13:23  Marauder  
  86  13:33  Marauder  
  88  13:35  SCV x3  
  91  13:44  Marauder  
  87  14:30  Liberator x2  
  77  14:43  Marauder x4  
  85  14:50  SCV x3  
  94  14:58  Refinery  
  94  15:02  SCV x3  
  94  15:04  Marauder  
  99  15:12  Liberator  
  99  15:13  Liberator  
  80  15:14  SCV x3  
  83  15:27  SCV x3  
  86  15:31  Refinery  
  92  15:39  SCV x2  
  94  15:43  Starport  
  94  15:55  Liberator  
Show
View Real Time Build Order
Export as new Build Order

WildCatBrown Protoss - Winner!

Build Orders: 1 Gate Expand 

Get SALT Encoding   

  12  0:01  Probe (Chrono Boost)  
  13  0:11  Probe (Chrono Boost)  
  14  0:21  Pylon  
  14  0:22  Probe (Chrono Boost)  
  15  0:30  Assimilator  
  15  0:39  Probe (Chrono Boost)  
  16  0:48  Gateway  
  16  0:50  Probe (Chrono Boost)  
  17  1:00  Probe (Chrono Boost)  
  18  1:11  Probe (Chrono Boost)  
  19  1:21  Probe (Chrono Boost)  
  20  1:26  Nexus  
  20  1:32  Probe (Chrono Boost)  
  21  1:44  Cybernetics Core, Probe (Chrono Boost)  
  22  1:57  Probe (Chrono Boost)  
  22  1:58  Pylon  
  23  2:06  Assimilator  
  23  2:17  Probe (Chrono Boost)  
  23  2:18  Gateway  
  23  2:20  Warp Gate  
  24  2:28  Mothership Core (Chrono Boost)  
  26  2:40  Probe (Chrono Boost)  
  26  2:46  Probe (Chrono Boost)  
  26  2:48  Adept  
  26  2:50  Probe (Chrono Boost)  
  30  3:07  Gateway, Adept  
  30  3:09  Probe x2 (Chrono Boost)  
  35  3:20  Probe (Chrono Boost), Robotics Facility  
  35  3:22  Probe (Chrono Boost)  
  35  3:23  Assimilator  
  36  3:31  Probe (Chrono Boost)  
  36  3:32  Adept  
  39  3:36  Probe (Chrono Boost)  
  40  3:42  Probe (Chrono Boost)  
  40  3:43  Pylon  
  40  3:47  Probe (Chrono Boost)  
  42  3:50  Adept  
  42  3:53  Probe (Chrono Boost)  
  45  4:01  Adept  
  47  4:03  Probe (Chrono Boost), Pylon  
  47  4:04  Probe (Chrono Boost)  
  49  4:10  Stalker, Assimilator  
  51  4:20  Twilight Council  
  51  4:24  Pylon  
  51  4:27  Observer  
  51  4:29  Probe x2 (Chrono Boost)  
  54  4:39  Probe (Chrono Boost)  
  54  4:41  Gateway  
  55  4:52  Forge  
  55  4:54  Pylon, Warp Prism  
  57  5:02  Resonating Glaives (Chrono Boost)  
  57  5:08  Stalker x3  
  57  5:11  Probe x2 (Chrono Boost)  
  57  5:13  Protoss Ground Weapons Level 1  
  65  5:37  Probe x2  
  67  5:47  Nexus  
  67  5:50  Assimilator  
  67  5:52  Assimilator  
  67  5:55  Pylon  
  67  5:56  Robotics Bay  
  67  5:59  Robotics Facility  
  67  6:05  Adept  
  67  6:06  Adept x2  
  67  6:07  Adept  
  76  6:11  Probe x2  
  77  6:22  Immortal  
  77  6:23  Probe x2  
  79  6:53  Protoss Ground Armor Level 1  
  79  6:55  Disruptor  
  79  7:01  Immortal  
  80  7:20  Gateway  
  80  7:22  Gateway  
  80  7:25  Pylon  
  80  7:30  Pylon  
  80  7:31  Disruptor  
  80  7:33  Stalker x3  
  80  7:34  Stalker  
  91  7:39  Disruptor  
  94  7:47  Probe  
  94  7:48  Probe x2  
  97  7:57  Probe  
  97  8:00  Probe x2  
  97  8:02  Zealot  
  97  8:03  Zealot x3  
  108  8:06  Warp Prism  
  110  8:15  Disruptor  
  113  8:24  Stalker x2  
  117  8:47  Photon Cannon  
  117  8:49  Photon Cannon  
  117  8:53  Photon Cannon  
  117  8:56  Photon Cannon  
  117  9:19  Protoss Ground Weapons Level 2  
  117  9:21  Pylon  
  117  9:24  Pylon  
  117  9:27  Pylon  
  117  9:38  Disruptor  
  87  10:40  Stalker x4  
  87  10:41  Stalker x2  
  97  10:51  Immortal x2  
  105  11:05  Adept x5  
  115  11:17  Stalker  
  117  11:30  Gateway  
  117  11:31  Immortal x2  
  117  11:32  Gateway  
  125  11:33  Probe  
  125  11:34  Probe  
  125  11:35  Gateway  
  125  11:36  Gateway  
  123  12:02  Blink (Chrono Boost)  
  123  12:14  Immortal  
  121  13:15  Pylon  
  121  13:17  Pylon  
  121  13:23  Forge  
  121  13:30  Forge  
  121  13:52  Nexus  
  121  13:54  Assimilator  
  121  13:58  Assimilator  
  121  14:00  Zealot x2  
  121  14:01  Pylon  
  125  14:04  Pylon  
  125  14:07  Pylon  
  121  14:10  Pylon  
  121  14:13  Protoss Ground Weapons Level 3  
  121  14:17  Zealot x2  
  125  14:28  Stalker x5  
  125  14:29  Stalker  
  133  14:41  Pylon  
  133  14:44  Pylon  
  133  14:47  Pylon  
  133  14:49  Pylon  
  133  14:52  Photon Cannon  
  133  14:57  Immortal, Photon Cannon  
  133  14:59  Photon Cannon  
  130  15:21  Stalker  
  130  15:22  Stalker x3  
  130  15:23  Stalker x3  
  130  15:24  Stalker  
  130  15:25  Stalker  
  148  15:36  Immortal  
  152  15:59  Stalker x5  
  152  16:00  Stalker x4  
  152  16:01  Stalker  
  172  16:15  Immortal  
  160  16:52  Stalker  
  160  16:53  Stalker x6  
  160  16:54  Stalker x3  
Tags
 
Composition
MMM Bio
Matchup
PvT
Add a new tag
Caveats
  • Supply blocks, unpowered buildings, or Contaminate may cause inaccurate times.
  • Supply counts are checked every 10 seconds.